 Dungeon Crawl Stone Soup version 0.22-a0-109-gbeb7240 (webtiles) character file.

2494 Kavrick the Slasher (level 9, -4/69 HPs)
             Began as a Demonspawn Fighter on Jan 26, 2018.
             Was a Follower of Qazlal.
             Slain by a killer bee (5 damage)
             ... on level 8 of the Dungeon.
             The game lasted 00:19:48 (8022 turns).

Kavrick the Slasher (Demonspawn Fighter)            Turns: 8022, Time: 00:19:49

Health: -4/69      AC: 22    Str: 19    XL:     9   Next: 28%
Magic:  9/9        EV:  6    Int:  9    God:    Qazlal [*.....]
Gold:   442        SH: 12    Dex: 18    Spells: 8/8 levels left

rFire    + . .     SeeInvis .   a - +0 long sword
rCold    . . .     Gourm    .   c - +0 shield
rNeg     . . .     Faith    .   x - +3 plate armour
rPois    .         Spirit   .   (no helmet)
rElec    .         Reflect  .   d - +1 cloak
rCorr    .         Harm     .   g - +2 pair of gloves
MR       .....                  k - +0 pair of boots
Stlth    ..........             (no amulet)
HPRegen  0.21/turn              (no ring)
MPRegen  0.11/turn              (no ring)

@: lethally poisoned (-4 -> -11), drained
A: talons 1, thin skeletal structure 2, fire resistance 1, powered by pain 1
a: Renounce Religion


You were on level 8 of the Dungeon.
You worshipped Qazlal.
Qazlal was aware of your devotion.
You were not hungry.

You visited 2 branches of the dungeon, and saw 10 of its levels.

You collected 442 gold pieces.

Inventory:

Hand Weapons
 a - a +0 long sword (weapon)
Armour
 c - a +0 shield (worn)
 d - a +1 cloak (worn)
 e - a +0 chain mail
 g - a +2 pair of gloves (worn)
 k - a +0 pair of boots (worn)
 o - a +0 large shield
 x - a +3 plate armour (worn)
Jewellery
 z - a +1 ring of slaying
 B - an uncursed ring of see invisible {unknown}
Wands
 A - a wand of polymorph (5)
Scrolls
 l - 11 scrolls of identify
 m - a scroll of immolation
 s - a scroll of enchant armour
 v - 2 scrolls of teleportation
Potions
 b - 2 potions of ambrosia {unknown}
 j - 5 potions of flight {unknown}
 n - a potion of might
 p - a potion of cancellation {unknown}
 q - a potion of agility {unknown}
 r - a potion of invisibility {unknown}
 t - 3 potions of curing
 u - 3 potions of degeneration {unknown}
 w - a potion of lignification {unknown}
Books
 h - a book of Maledictions

   Spells                             Type                      Level
   a - Corona                         Hexes                        1
   b - Ensorcelled Hibernation        Hexes/Ice                    2
   c - Confuse                        Hexes                        3
   d - Tukima's Dance                 Hexes                        3
   e - Dazzling Spray                 Conjuration/Hexes            3
 C - a book of Misfortune

   Spells                             Type                      Level
   a - Confusing Touch                Hexes                        1
   b - Confuse                        Hexes                        3
   c - Gell's Gravitas                Translocation                3
   d - Petrify                        Transmutation/Earth          4
   e - Metabolic Englaciation         Hexes/Ice                    5
   f - Yara's Violent Unravelling     Hexes/Transmutation          5
Comestibles
 f - 10 rations


   Skills:
 + Level 5.9(5.7) Fighting
 * Level 7.0(6.8) Long Blades
 + Level 5.3(5.1) Armour
 + Level 4.4(4.2) Dodging
 + Level 5.3(5.2) Shields


You had 8 spell levels left.
You didn't know any spells.

Dungeon Overview and Level Annotations

Branches:
Dungeon (9/15)             Temple (1/1) D:5
   Lair: D:8-11         Orc: D:9-12

Altars:
Ashenzari
Cheibriados
Elyvilon
Fedhas
Gozag
Hepliaklqana
Kikubaaqudgha
Makhleb
Okawaru
Qazlal
Ru
Sif Muna
Trog
Uskayaw
Vehumet
Wu Jian
Xom
Yredelemnul
Zin
The Shining One

Shops:
D:5 }[[   D:6 [


Innate Abilities, Weirdness & Mutations

You have sharp toenails.
You have a moderately thin skeletal structure. (Dex +4, Stealth+)
Your flesh is heat resistant. (rF+)
You sometimes gain a little power by taking damage.


Message History

You see here an arrow.
The centaur shoots an arrow.
You block the arrow. You block the killer bee's attack.
The centaur shoots an arrow.
The arrow hits you but does no damage.
You feel sick. The killer bee stings you.
* * * LOW HITPOINT WARNING * * *
You feel sick. You block the killer bee's attack. x2
You feel sick.
The centaur shoots an arrow.
You block the arrow. The killer bee closely misses you.
You riposte.
You slash the killer bee!
The killer bee is heavily wounded.
You see here an arrow.
You block the killer bee's attack. x2
You feel sick. The killer bee stings you.
* * * LOW HITPOINT WARNING * * *
You are more poisoned.
The killer bee poisons you!
The shadow imp lashes its tail.
* * * LOW HITPOINT WARNING * * *
You feel sick. The killer bee stings you.
You die...

.......>g...........
..>.....#(........#
........#.........#
#########.5.......#
#....Y.c....#
#.#....(....#
#......#y#####
....####.y#### ....#
#..@..# ...#
#........... .#
#............
#............
#............
#............
.............
.#............


You could see an ice beast, a centaur, 2 killer bees and a shadow imp.

Vanquished Creatures
  Pikel (D:4)
  Grinder (D:3)
  Duvessa (D:6)
  An ice beast (D:6)
  3 ogres
  3 centaurs (D:6)
  A bullfrog (D:6)
  Dowan (D:6)
  A water moccasin zombie (D:5)
  A killer bee (D:9)
  A crimson imp (D:6)
  A quasit (D:5)
  3 hounds
  A jelly (D:5)
  6 orc wizards
  A bullfrog skeleton (D:6)
  2 orc priests
  Crazy Yiuf (D:3)
  Ijyb (D:4)
  Jessica (D:3)
  An iguana (D:7)
  3 worker ants (D:4)
  A hound skeleton (D:6)
  3 worker ant zombies (D:5)
  5 gnolls
  7 adders
  3 shadow imps
  3 oozes
  An adder skeleton (D:6)
  A dart slug (D:1)
  4 leopard geckos
  37 orcs
  3 giant cockroaches
  11 goblins
  2 hobgoblins
  6 jackals
  2 quokkas
  A ball python (D:4)
  9 bats
  6 frilled lizards
  6 kobolds
  A leopard gecko skeleton (D:6)
  8 rats
156 creatures vanquished.

Vanquished Creatures (others)
  An orc wizard (D:6)
1 creature vanquished.

Grand Total: 157 creatures vanquished

Notes
Turn   | Place    | Note
-------+----------+-------------------------------------------
     0 | D:1      | Kavrick the Demonspawn Fighter began the quest for the Orb.
     0 | D:1      | Reached XP level 1. HP: 18/18 MP: 1/1
     3 | D:1      | Noticed an electric eel
     3 | D:1      | Noticed an electric eel
   103 | D:1      | Reached skill level 2 in Long Blades
   303 | D:1      | Gained mutation: You sometimes gain a little power by taking damage. [demonic ancestry]
   303 | D:1      | Reached XP level 2. HP: 22/24 MP: 2/2
   761 | D:2      | Gained mutation: You have a somewhat thin skeletal structure. (Dex +2, Stealth) [demonic ancestry]
   761 | D:2      | Reached XP level 3. HP: 23/29 MP: 3/3
  1102 | D:2      | Reached skill level 1 in Dodging
  1640 | D:3      | Reached XP level 4. HP: 17/35 MP: 4/4
  1870 | D:3      | Reached skill level 3 in Long Blades
  2419 | D:3      | Noticed Grinder
  2437 | D:3      | Killed Grinder
  2437 | D:3      | Gained mutation: You have a moderately thin skeletal structure. (Dex +4, Stealth+) [demonic ancestry]
  2437 | D:3      | Reached XP level 5. HP: 39/42 MP: 5/5
  2437 | D:3      | Gained mutation: Your flesh is heat resistant. (rF+) [demonic ancestry]
  2437 | D:3      | Reached XP level 6. HP: 45/48 MP: 6/6
  2615 | D:3      | Found a runed door.
  2872 | D:3      | Noticed Jessica
  2882 | D:3      | Killed Jessica
  3026 | D:3      | Noticed Crazy Yiuf
  3036 | D:3      | Killed Crazy Yiuf
  3166 | D:4      | Reached skill level 4 in Long Blades
  3546 | D:4      | Gained mutation: You have sharp toenails. [demonic ancestry]
  3546 | D:4      | Reached XP level 7. HP: 52/54 MP: 7/7
  3572 | D:4      | Noticed Ijyb
  3592 | D:4      | Killed Ijyb
  3836 | D:4      | Noticed Pikel
  3858 | D:4      | Killed Pikel
  3858 | D:4      | Reached skill level 5 in Long Blades
  3858 | D:4      | Reached XP level 8. HP: 8/61 MP: 8/8
  4401 | D:5      | Entered Level 5 of the Dungeon
  4411 | D:5      | Found a staircase to the Ecumenical Temple.
  4434 | Temple   | Entered the Ecumenical Temple
  4524 | Temple   | Became a worshipper of Qazlal Stormbringer
  5066 | D:5      | HP: 1/61 [ogre/giant spiked club (23)]
  5068 | D:5      | Reached skill level 5 in Fighting
  5637 | D:5      | Found Koatuich's Armour Shoppe.
  5953 | D:5      | Found Ockuot's Gadget Emporium.
  6039 | D:5      | Found Gaclugif's Antique Armour Emporium.
  6166 | D:6      | Reached skill level 6 in Long Blades
  6435 | D:6      | Found Reidenij's Armour Shop.
  6522 | D:6      | Noticed Duvessa
  6570 | D:6      | Reached skill level 5 in Shields
  6610 | D:6      | Killed Duvessa
  6610 | D:6      | Reached skill level 5 in Armour
  6625 | D:6      | Noticed Dowan
  6642 | D:6      | Killed Dowan
  6913 | D:6      | Reached * piety under Qazlal
  6929 | D:6      | Reached XP level 9. HP: 68/68 MP: 9/9
  7159 | D:6      | Found a sacrificial altar of Ru.
  7159 | D:6      | Found a radiant altar of Vehumet.
  7160 | D:6      | Found a burning altar of Makhleb.
  7161 | D:6      | Found an iron altar of Okawaru.
  7161 | D:6      | Found an ancient bone altar of Kikubaaqudgha.
  7276 | D:7      | Found an opulent altar of Gozag.
  7998 | D:7      | You fall through a shaft for 2 floors!
  8011 | D:9      | Reached skill level 7 in Long Blades
  8021 | D:8      | HP: 2/69 [killer bee (5)]
  8022 | D:8      | Slain by a killer bee

Vault maps used:
D:1:      arrival_aquarium_b, feat_on_display
D:3:      uniq_grinder, uniq_crazy_yiuf_cottage, uniq_jessica
D:4:      kennysheep_goblin_castle, first_ration, uniq_pikel
D:5:      minmay_temple_entry_junction_2, serial_shops, kennysheep_mini_moat,
          nicolae_shop_stone, shop
D:6:      grunt_temple_overflow_open, serial_shops, shop, uniq_duvessa
D:7:      grunt_gozag_breadcrumbs
D:8:      serial_shops, shop
D:9:      minmay_cornered_nines, nemelex_altar_shiori, grunt_dithmenos_shadows
Temple:   eino_temple_water

Skill      XL: |  1  2  3  4  5  6  7  8  9 |
---------------+----------------------------+-----
Long Blades    | 2 3 4 5 6 7 |  7.0
Armour         | 3 4 5 |  5.3
Dodging        | 1 2 3 4 |  4.4
Shields        | 3 4 5 |  5.3
Fighting       | 4 5 |  5.9

Action                   |  1- 3 |  4- 6 |  7- 9 || total
-------------------------+-------+-------+-------++-------
Melee: Long sword        |   162 |   182 |   551 ||   895
  Use: Potion            |       |     2 |     1 ||     3
       Scroll            |       |       |     7 ||     7
  Eat: Chunk             |     3 |     6 |    12 ||    21
       Ration            |       |       |     1 ||     1
Armor: Chain mail        |   146 |    77 |    12 ||   235
       Plate armour      |       |       |   426 ||   426
       Skin              |       |       |    16 ||    16
Dodge: Dodged            |    48 |    52 |   104 ||   204
Block: Shield            |   106 |   101 |   324 ||   531
       Rpst.: Long sword |    15 |    15 |    26 ||    56

Table legend:
 A = Spawn XP
 B = Non-spawn XP
 C = Spawn XP percentage of total XP
 D = Spawn monster count
 E = Non-spawn monster count
 F = Spawn count percentage of total count
 G = Total turns spent on level
                    A         B        C        D         E        F      G
               +---------+---------+-------+---------+---------+-------+---------
         Total |       0 |    3563 |   0.0 |       0 |     157 |   0.0 |  8022
               +---------+---------+-------+---------+---------+-------+---------
           D:1 |       0 |      39 |   0.0 |       0 |      20 |   0.0 |   732
           D:2 |       0 |      50 |   0.0 |       0 |      17 |   0.0 |   838
           D:3 |       0 |     461 |   0.0 |       0 |      24 |   0.0 |  1520
           D:4 |       0 |     899 |   0.0 |       0 |      32 |   0.0 |  1311
           D:5 |       0 |     537 |   0.0 |       0 |      18 |   0.0 |  1491
           D:6 |       0 |    1191 |   0.0 |       0 |      31 |   0.0 |  1236
           D:7 |       0 |     306 |   0.0 |       0 |      13 |   0.0 |   578
           D:9 |       0 |      80 |   0.0 |       0 |       2 |   0.0 |    15
               +---------+---------+-------+---------+---------+-------+---------
